 Dungeon Crawl Stone Soup version 0.30.1-11-g7821555f0a (webtiles) character file.

Game seed: 12575945995856060432

5 Dvallin the Cudgeller (level 1, 0/18 HPs)
             Began as a Naga Wanderer on Nov 15, 2023.
             Slain by a jackal (1 damage)
             ... on level 1 of the Dungeon.
             The game lasted 00:01:57 (392 turns).

Dvallin the Cudgeller (Naga Wanderer)                Turns: 392, Time: 00:01:58

Health: 0/18       AC:  1    Str: 17    XL:     1   Next: 80%
Magic:  1/1        EV:  9    Int:  8    God:
Gold:   19         SH:  0    Dex: 11    Spells: 0/0 levels left

rFire   . . .        a - +2 mace
rCold   . . .        (no shield)
rNeg    . . .        f - +0 leather armour
rPois   +            (no helmet)
rElec   .            (no cloak)
rCorr   .            (no gloves)
SInv    +            (no barding)
Will    .....        (no amulet)
Stlth   ++           (no ring)
HPRegen 0.23/turn    (no ring)
MPRegen 0.07/turn

%: no passive effects
@: very slow
A: AC +0, large, see invisible, deformed body, poison resistance, slowness 2,
spit poison 1, naga tail 1
a: Spit Poison


You were on level 1 of the Dungeon.
You visited 1 branch of the dungeon, and saw 1 of its levels.

You collected 19 gold pieces.

Inventory:

Hand Weapons
 a - a +2 mace (weapon)
 d - a +0 dagger
Missiles
 c - 10 boomerangs (quivered)
Armour
 f - a +0 leather armour (worn)
Scrolls
 b - a scroll of silence
 g - a scroll of vulnerability {unknown}
 h - a scroll of teleportation {unknown}
 i - a scroll of identify {unknown}
Potions
 e - a potion of attraction
 j - a potion of brilliance {unknown}


   Skills:
 + Level 1.4 Fighting
 - Level 3.0 Maces & Flails
 - Level 2.6 Throwing
 + Level 2.3 Stealth
 - Level 2.0 Evocations


You couldn't memorise any spells.
You didn't know any spells.
Your spell library was empty.

Dungeon Overview and Level Annotations

Branches:
Dungeon (1/15)

Altars:


Innate Abilities, Weirdness & Mutations

Your serpentine skin is tough. (AC +0)
You have supernaturally acute eyesight. (SInv)
Armour fits poorly on your strangely shaped body.
Your system is resistant to poisons. (rPois)
You cover ground very slowly.
You can spit poison.
You have a snake-like lower body.


Message History

Found a scroll labelled UDWEYTHAIF.
Found a stone staircase leading down.
h - a scroll labelled UDWEYTHAIF As you open the door, it creaks loudly!
Found a scroll labelled CYPRU WU NEUNI.
Found a white potion.
There is an open door here.
i - a scroll labelled CYPRU WU NEUNI
Found a pair of boots.
j - a white potion
Found 10 gold pieces.
You now have 19 gold pieces (gained 10).
A jackal comes into view.
The jackal barks!
A jackal comes into view.
A jackal comes into view.
Found a scroll labelled MEB ZOZEIDD.
The jackal barks!
You miss the jackal. The jackal barely misses you.
The jackal barks!
You sock the jackal!
You kill the jackal!
The jackal barely misses you.
You closely miss the jackal. The jackal bites you. x2
You closely miss the jackal. The jackal barely misses you.
You miss the jackal. The jackal barely misses you.
The jackal closely misses you.
You sock the jackal!
You kill the jackal!
The jackal bites you.
You closely miss the jackal. The jackal bites you.
You barely miss the jackal. The jackal bites you. x2
* * * LOW HITPOINT WARNING * * *
You barely miss the jackal. The jackal bites you.
* * * LOW HITPOINT WARNING * * *
The jackal bites you.
* * * LOW HITPOINT WARNING * * *
You barely miss the jackal. The jackal closely misses you.
The jackal bites you.
You die...

#.# ###### #?#
#..... #.# #.....
#.# #..... #.#
#..... #.# #.....
#h# #..... #@#
#.....
#.###########.....
#.................
+..................
#############......
....##### .[...#
......# ......#


You could see a jackal.

Vanquished Creatures
  A bat (D:1)
  A goblin (D:1)
  2 jackals (D:1)
4 creatures vanquished.

Notes
Turn   | Place    | Note
-------+----------+-------------------------------------------
     0 | D:1      | Dvallin the Naga Wanderer began the quest for the Orb.
     0 | D:1      | Dvallin set off with the following items: a +2 mace, a
                  | scroll of silence, 10 boomerangs, a +0 dagger, a potion of
                  | attraction, a +0 leather armour.
     0 | D:1      | Reached XP level 1. HP: 18/18 MP: 1/1
   392 | D:1      | Slain by a jackal

Illustrated notes

Levels and vault maps discovered:
D:1:      nzn_arrival_water_spiral, layout_basic

Skill      XL: |  1 |
---------------+----+-----
Stealth        | 2 |  2.3
Fighting       | |  1.4
Maces & Flails | |  3.0
Throwing       | |  2.6
Evocations     | |  2.0

Action                     || total
---------------------------++-------
  Melee: Mace              ||    21
Ability: Spit Poison       ||     2
 Armour: Leather armour    ||     8
  Dodge: Dodged            ||    18
